 Dungeon Crawl Stone Soup version 0.22.1-2-g9c5b331 (webtiles) character file.

72313 flopdemafkees the Spear-Bearer (level 15, 0/115 HPs)
             Began as a Mummy Skald on Jan 5, 2019.
             Was the Champion of Okawaru.
             Slain by Rupert
             ... wielding a +2 great sword of holy wrath
              (6 damage)
             ... on level 14 of the Dungeon on Jan 6, 2019.
             The game lasted 01:45:54 (26427 turns).

flopdemafkees the Spear-Bearer (Mummy Skald)       Turns: 26427, Time: 01:45:54

Health: 0/115      AC: 21    Str: 19    XL:     15   Next: 0%
Magic:  18/22      EV: 16    Int: 20    God:    Okawaru [******]
Gold:   1926       SH:  0    Dex: 13    Spells: 4/24 levels left

rFire    x . .     SeeInvis .   a - +6 trident (venom)
rCold    + . .     Gourm    .   (no shield)
rNeg     + + +     Faith    +   s - +4 ring mail of Fortitude {*Contam rElec MR++ rCorr Stlth+}
rPois    ∞         Spirit   .   N - +2 helmet {Int+3}
rElec    +         Reflect  .   q - +1 cloak {MR+}
rCorr    +         Harm     .   C - +2 pair of gloves of Eternal Vigilance {+Fly rN+ Regen+}
MR       ++++.                  (no boots)
Stlth    +++.......             I - amulet of faith
HPRegen  0.69/turn              l - +6 ring of slaying
MPRegen  0.18/turn              J - +4 ring of strength

@: heroism
A: no food or potions, fire vulnerability, cold resistance 1, negative energy
resistance 3, torment resistance, unbreathing, in touch with death 1
a: Heroism, Finesse, Renounce Religion, Evoke Flight


You were on level 14 of the Dungeon.
You worshipped Okawaru.
Okawaru was exalted by your worship.
You were not hungry.

You visited 4 branches of the dungeon, and saw 23 of its levels.
You also visited: Ice Cave.

You collected 2318 gold pieces.
You spent 392 gold pieces at shops.

Inventory:

Hand Weapons
 a - a +6 trident of venom (weapon)
 o - the +6 fustibalus of the Eel {velocity, rElec Str+2 Stlth-}
   (You found it in an ice cave)

   Any stone fired from it inflicts extra damage.
   It affects your strength (+2).
   It insulates you from electricity.
   It makes you less stealthy.
 A - a +4 vampiric bardiche
Missiles
 d - 16 tomahawks
 e - 7 poisoned javelins (quivered)
 h - 3 throwing nets
 p - 8 curare-tipped needles
 D - 5 needles of confusion
 F - 7 tomahawks of dispersal
 G - 3 javelins of penetration
 K - 2 poisoned tomahawks
 L - 2 javelins
Armour
 q - a +1 cloak of magic resistance (worn)
 s - the +4 ring mail of Fortitude (worn) {*Contam rElec MR++ rCorr Stlth+}
   (Okawaru gifted it to you on level 10 of the Dungeon)

   It insulates you from electricity.
   It affects your resistance to hostile enchantments.
   It causes magical contamination when unequipped.
   It provides partial protection from all sources of acid and corrosion.
   It makes you more stealthy.
 C - the +2 pair of gloves of Eternal Vigilance (worn) {+Fly rN+ Regen+}
   (Okawaru gifted it to you on level 4 of the Lair of Beasts)

   It protects you from negative energy.
   It lets you fly.
   It increases your rate of regeneration.
 N - a +2 helmet of intelligence (worn)
Jewellery
 g - an uncursed ring of protection from cold
 j - an uncursed ring of fire
 l - a +6 ring of slaying (left hand)
 u - the ring of Spite {rCorr +Fly Dex+3}
   (You found it on level 9 of the Dungeon)

   [ring of resist corrosion]

   It affects your dexterity (+3).
   It lets you fly.
 x - a +3 ring of protection
 y - a +3 ring of intelligence
 I - an amulet of faith (around neck)
 J - a +4 ring of strength (right hand)
Wands
 c - a wand of iceblast (16)
 r - a wand of flame (120)
 t - a wand of digging (38)
 w - a wand of paralysis (10)
 B - a wand of scattershot (6)
Scrolls
 b - 13 scrolls of remove curse
 f - 3 scrolls of enchant weapon
 i - 3 scrolls of fear
 k - 2 scrolls of enchant armour
 n - 4 scrolls of blinking
 v - 7 scrolls of teleportation
 E - 2 scrolls of magic mapping
 H - a scroll of silence
 M - a scroll of amnesia


   Skills:
 - Level 10.0(15.0) Fighting
 - Level 14.0(19.0) Polearms
 - Level 6.1(11.1) Throwing
 - Level 6.0(11.0) Armour
 - Level 5.0(10.0) Dodging
 - Level 5.1 Spellcasting
 - Level 5.0 Hexes
 - Level 5.0 Charms
 - Level 5.0 Summonings
 - Level 8.0 Necromancy
 - Level 3.0 Translocations
 + Level 4.7 Earth Magic


You had 4 spell levels left.
You knew the following spells:

 Your Spells              Type           Power        Failure   Level  Hunger
a - Infusion              Chrm           ####         2%          1    N/A
b - Spectral Weapon       Hex/Chrm       ####....     7%          3    N/A
c - Portal Projectile     Hex/Tloc       ###...       10%         3    N/A
d - Summon Ice Beast      Ice/Summ       ###.....     52%         4    N/A
e - Animate Dead          Necr           N/A          6%          4    N/A
f - Borgnjor's Vile Clut  Necr/Erth      #####.....   34%         5    N/A

Your spell library contained the following spells:

 Spells                   Type           Power        Failure   Level  Hunger
 Animate Skeleton         Necr           N/A          1%          1    N/A
 Confusing Touch          Hex            ####..       2%          1    N/A
 Corona                   Hex            ####...      2%          1    N/A
 Summon Small Mammal      Summ           ####         2%          1    N/A
 Slow                     Hex            ####....     3%          2    N/A
 Song of Slaying          Chrm           ####....     3%          2    N/A
 Apportation              Tloc           ###...       4%          1    N/A
 Shroud of Golubria       Chrm/Tloc      ###.......   4%          2    N/A
 Recall                   Summ/Tloc      N/A          10%         3    N/A
 Magic Dart               Conj           #...         17%         1    N/A
 Dazzling Spray           Conj/Hex       ###...       19%         3    N/A
 Inner Flame              Hex/Fire       ###.....     19%         3    N/A
 Cause Fear               Hex            ####......   22%         4    N/A
 Leda's Liquefaction      Hex/Erth       ###.......   22%         4    N/A
 Searing Ray              Conj           #.....       26%         2    N/A
 Sticks to Snakes         Tmut           #.......     26%         2    N/A
 Fulminant Prism          Conj/Hex       ###.......   52%         4    N/A
 Force Lance              Conj/Tloc      ##......     67%         4    N/A
 Iskenderun's Mystic Bla  Conj           #.......     86%         4    N/A
 Throw Icicle             Conj/Ice       #.......     86%         4    N/A
 Aura of Abjuration       Summ           ####......   52%         5    N/A
 Summon Demon             Summ           ####......   52%         5    N/A
 Summon Mana Viper        Hex/Summ       ####....     52%         5    N/A
 Summon Forest            Summ/Tloc      ###.......   67%         5    N/A
 Death Channel            Necr           ######....   69%         6    N/A
 Shadow Creatures         Summ           N/A          98%         6    N/A
 Simulacrum               Ice/Necr       ####......   99%         6    N/A
 Ozocubu's Refrigeration  Ice            #.........   100%        6    N/A
 Regeneration             Chrm/Necr      Unusable     N/A         3    N/A
 Beastly Appendage        Tmut           Unusable     N/A         1    N/A
 Spider Form              Tmut/Pois      Unusable     N/A         3    N/A
 Ice Form                 Ice/Tmut       Unusable     N/A         4    N/A
 Blade Hands              Tmut           Unusable     N/A         5    N/A

Dungeon Overview and Level Annotations

Branches:
Dungeon (14/15)            Temple (1/1) D:4            Lair (6/6) D:9
  Swamp (0/4) Lair:2        Snake (0/4) Lair:2        Slime (0/5) Lair:5
    Orc (2/2) D:9             Elf (0/3) Orc:2
 Vaults: D:13-14

Altars:
Ashenzari
Cheibriados
Dithmenos
Elyvilon
Fedhas
Gozag
Hepliaklqana
Kikubaaqudgha
Makhleb
Nemelex Xobeh
Okawaru
Qazlal
Ru
Sif Muna
Trog
Uskayaw
Vehumet
Wu Jian
Xom
Yredelemnul
Zin
The Shining One
Beogh

Shops:
D:10 [   Orc:2 *(=[

Annotations:
D:13 2 transporters, xelsha's ghost, journeyman GrMo
D:14 Rupert
Lair:2 1 runed door, HedoNNN's ghost, journeyman MiBe
Lair:5 exclusion: 2 oklob plants


Innate Abilities, Weirdness & Mutations

You do not eat or drink.
Your flesh is vulnerable to fire.
You are immune to poison.
Your flesh is cold resistant. (rC+)
You are immune to negative energy. (rN+++)
You are immune to unholy pain and torment.
You can survive without breathing.
You are in touch with the powers of death.


Message History

Rupert hits you with a great sword of holy wrath!!
You convulse!!
You puncture Rupert!
Rupert is heavily wounded.
Your spectral weapon hits Rupert but does no damage.
Rupert looks as sick as possible!
Rupert hits you with a great sword of holy wrath!!
* * * LOW HITPOINT WARNING * * *
You convulse!!
* * * LOW HITPOINT WARNING * * *
You puncture Rupert!
Rupert looks as sick as possible!
Rupert is heavily wounded.
Your spectral weapon hits Rupert from afar!
Rupert looks as sick as possible!
You hit Rupert.
Rupert looks as sick as possible!
Rupert is severely wounded.
Your spectral weapon hits Rupert from afar.
Rupert looks as sick as possible!
Rupert hits you with a great sword of holy wrath.
You die...

*** ### **,* *** #.## *,** *,*
### ##.#### **,** *,* ##.# ##.#.#
**,** *,* # #.## ##.(.#
**,*****,* ###.# ##...@#
**,,,,*,** ....### ##....@#
*,,***,,,, ##....#####......#*
**,** ***,* #..............†(.#
**,,* *** ...###........(.(.#
*,,** ....#....####....(#***,,* *
#......###*.........*,,** ***
###..###*,..........,,,**** ***,,
,*####*,,........##.,,,,,,***,,,,


You could see Rupert (berserk) and a friendly spectral trident of venom.

Vanquished Creatures
  An orc warlord (Orc:2)
  Nessos (D:12)
  Snorg (Lair:6)
  Josephine (D:10)
  A fire dragon (Lair:6)
  An ice dragon (D:14)
  Harold (D:9)
  4 hydras
  Erica (D:10)
  5 two-headed ogres
  2 orc high priests
  Urug (D:10)
  Sonja (Lair:5)
  Nergalle (Orc:1)
  An unseen horror (D:11)
  A swamp dragon (Lair:6)
  4 orc knights (Orc:2)
  A necromancer (IceCv)
  3 cyclopes
  4 ugly things
  A deep elf mage (D:13)
  An orc sorcerer (Orc:2)
  2 wolf spiders (Lair:6)
  A manticore (D:14)
  Joseph (D:10)
  4 ice statues (IceCv)
  6 elephants
  5 black mambas
  A centaur zombie (D:12)
  11 spiny frogs
  A torpor snail (Lair:4)
  A centaur skeleton (D:12)
  A guardian serpent (Lair:6)
  A gargoyle (D:11)
  An efreet (D:12)
  A komodo dragon (Lair:6)
  6 ice devils (IceCv)
  5 rime drakes
  3 meliai (D:13)
  2 queen bees
  3 trolls
  A tyrant leech (Lair:2)
  4 hornets
  5 dream sheep (Lair:6)
  23 blink frogs
  9 hippogriffs
  A spriggan (shapeshifter) (D:13)
  2 redbacks (Lair:6)
  A vampire (D:11)
  7 wyverns
  6 wraiths (D:10)
  37 yaks
  2 steam dragons (Lair:6)
  Eustachio (D:5)
  8 basilisks
  2 vampire mosquitoes (D:13)
  A hungry ghost (D:13)
  A warg (Orc:2)
  A naga (Lair:2)
  A swamp worm (Lair:2)
  An acid dragon (Lair:6)
  17 water moccasins
  Duvessa (D:6)
  10 porcupines
  3 swamp drakes (Lair:6)
  A hornet zombie (D:10)
  A black bear (D:9)
  2 ice beasts
  4 sky beasts
  2 phantoms
  21 orc warriors
  4 necrophages
  An eye of draining (D:13)
  14 wolves
  8 ogres
  4 centaurs
  10 crocodiles
  3 big kobolds
  12 bullfrogs
  Dowan (D:6)
  A wyvern skeleton (D:13)
  3 scorpions
  46 killer bees
  14 wights
  10 howler monkeys
  7 crimson imps
  A draconian simulacrum (IceCv)
  3 hounds
  2 quasits
  25 orc priests
  4 jellies
  Jessica (D:2)
  2 iguanas
  28 orc wizards
  A spriggan simulacrum (IceCv)
  3 troll simulacra (IceCv)
  9 worker ants
  4 centaur simulacra (IceCv)
  2 hound zombies
  A hound skeleton (D:11)
  A gnoll (D:7)
  A naga simulacrum (IceCv)
  13 adders
  3 shadow imps
  An ooze (D:4)
  An adder skeleton (D:4)
  An adder zombie (D:7)
  A worm (D:2)
  3 dart slugs
  3 leopard geckos
  86 orcs
  2 giant cockroaches
  11 goblins
  6 hobgoblins
  10 jackals
  4 quokkas
  10 bats
  3 frilled lizards
  19 kobolds
  A quokka skeleton (D:7)
  4 rats
  A plant (Lair:6)
679 creatures vanquished.

Vanquished Creatures (others)
  2 polar bears (D:14)
  7 fungi (Lair:6)
  16 plants
  3 spectral weapons
28 creatures vanquished.

Grand Total: 707 creatures vanquished

Notes
Turn   | Place    | Note
-------+----------+-------------------------------------------
     0 | D:1      | flopdemafkees the Mummy Skald began the quest for the Orb.
     0 | D:1      | Reached XP level 1. HP: 16/16 MP: 4/4
   162 | D:1      | Reached skill level 1 in Armour
   181 | D:1      | Reached XP level 2. HP: 22/22 MP: 5/5
   186 | D:1      | Reached skill level 2 in Polearms
   709 | D:1      | Reached XP level 3. HP: 24/28 MP: 5/7
   992 | D:2      | Found a glowing golden altar of the Shining One.
  1072 | D:2      | Noticed Jessica
  1082 | D:2      | Killed Jessica
  1147 | D:2      | Found a sparkling altar of Nemelex Xobeh.
  1244 | D:2      | Reached XP level 4. HP: 34/34 MP: 3/8
  1670 | D:2      | Found a shimmering altar of Xom.
  2225 | D:3      | Reached skill level 3 in Polearms
  2448 | D:3      | Reached XP level 5. HP: 30/41 MP: 9/9
  3155 | D:4      | Reached XP level 6. HP: 35/47 MP: 10/10
  3310 | D:4      | Found a staircase to the Ecumenical Temple.
  3410 | Temple   | Entered the Ecumenical Temple
  3479 | Temple   | Became a worshipper of Warmaster Okawaru
  4083 | D:5      | Entered Level 5 of the Dungeon
  4212 | D:5      | Reached skill level 4 in Polearms
  4397 | D:5      | Noticed Eustachio
  4559 | D:5      | Reached XP level 7. HP: 54/54 MP: 11/11
  4622 | D:5      | Reached * piety under Okawaru
  4622 | D:5      | Reached skill level 5 in Polearms
  4739 | D:5      | Killed Eustachio
  4900 | D:5      | Learned a level 3 spell: Spectral Weapon
  4946 | D:5      | Reached XP level 8. HP: 32/61 MP: 8/12
  5096 | D:5      | Reached skill level 5 in Fighting
  5755 | D:6      | Noticed Dowan
  5756 | D:6      | Noticed Duvessa
  5818 | D:6      | Killed Duvessa
  5818 | D:6      | Reached skill level 6 in Polearms
  5827 | D:6      | Killed Dowan
  6487 | D:6      | Reached ** piety under Okawaru
  6703 | D:7      | Noticed a hippogriff
  6708 | D:7      | Killed a hippogriff
  6708 | D:7      | Reached skill level 7 in Polearms
  6891 | D:7      | Reached XP level 9. HP: 38/68 MP: 10/13
  7713 | D:7      | Reached skill level 8 in Polearms
  7917 | D:8      | Reached skill level 1 in Hexes
  7980 | D:8      | Noticed a queen bee
  7989 | D:8      | Killed a queen bee
  8221 | D:8      | Found an opulent altar of Gozag.
  8221 | D:8      | Found a snail-covered altar of Cheibriados.
  8226 | D:8      | Found a hazy altar of Hepliaklqana.
  8229 | D:8      | Found a stormy altar of Qazlal.
  8235 | D:8      | Found a bloodstained altar of Trog.
  8288 | D:8      | Reached *** piety under Okawaru
  8338 | D:8      | Reached skill level 9 in Polearms
  9002 | D:8      | Found a burning altar of Makhleb.
  9002 | D:8      | Noticed a green death
  9005 | D:8      | Noticed a smoke demon
  9005 | D:8      | Noticed a hellwing
  9218 | D:9      | Reached XP level 10. HP: 55/74 MP: 8/14
  9269 | D:9      | Noticed an elephant
  9322 | D:9      | Found a staircase to the Lair.
  9344 | D:9      | Killed an elephant
  9344 | D:9      | Reached **** piety under Okawaru
  9423 | D:9      | Found a sacrificial altar of Ru.
  9542 | D:9      | Noticed a two-headed ogre
  9546 | D:9      | Found a staircase to the Orcish Mines.
  9549 | D:9      | Killed a two-headed ogre
  9549 | D:9      | Reached skill level 5 in Hexes
  9592 | D:9      | Found a glowing silver altar of Zin.
  9608 | D:9      | Reached skill level 5 in Charms
  9617 | D:9      | Reached skill level 5 in Spellcasting
  9621 | D:9      | Reached ***** piety under Okawaru
  9796 | D:9      | Noticed Harold
  9819 | D:9      | Got a slimy copper ring
  9861 | D:8      | Identified the ring of Spite {rCorr +Fly Dex+3} (You found
                  | it on level 9 of the Dungeon)
 10123 | D:9      | Killed Harold
 10123 | D:9      | Received a gift from Okawaru
 10123 | D:9      | Reached skill level 5 in Armour
 10192 | D:9      | Learned a level 3 spell: Portal Projectile
 10245 | D:10     | Entered Level 10 of the Dungeon
 10256 | D:10     | Noticed Joseph
 10272 | D:10     | Killed Joseph
 10272 | D:10     | Reached skill level 1 in Throwing
 10288 | D:10     | Reached XP level 11. HP: 59/83 MP: 7/18
 11009 | D:10     | Noticed Josephine
 11020 | D:10     | Killed Josephine
 11049 | D:10     | Received a gift from Okawaru
 11050 | D:10     | Got a scorched ring mail {god gift}
 11051 | D:10     | Identified the +4 ring mail of Fortitude {*Contam rElec
                  | MR++ rCorr Stlth+} (Okawaru gifted it to you on level 10 of
                  | the Dungeon)
 11297 | D:10     | Found Ocwatib's Antique Armour Shop.
 11297 | D:10     | Noticed Urug
 11317 | D:10     | Killed Urug
 11412 | D:10     | Bought a helmet for 126 gold pieces
 11728 | D:10     | Noticed Erica
 11740 | D:10     | Killed Erica
 12018 | Lair:1   | Entered Level 1 of the Lair of Beasts
 12293 | Lair:1   | Reached skill level 1 in Translocations
 13135 | Lair:2   | Found a staircase to the Snake Pit.
 13162 | Lair:2   | Noticed a six-headed hydra
 13169 | Lair:2   | Killed a six-headed hydra
 13169 | Lair:2   | Reached skill level 5 in Throwing
 13180 | Lair:2   | Reached XP level 12. HP: 78/92 MP: 12/19
 13245 | Lair:2   | Found a runed door.
 13246 | Lair:2   | Noticed HedoNNN's ghost (journeyman MiBe)
 13556 | Lair:2   | Found a staircase to the Swamp.
 13937 | Lair:3   | Received a gift from Okawaru
 14505 | Lair:3   | Identified Sif Muna's Almanac of Cold
 14512 | Lair:3   | Learned a level 4 spell: Summon Ice Beast
 14563 | Lair:3   | Received a gift from Okawaru
 14571 | Lair:3   | Reached skill level 5 in Dodging
 14633 | Lair:3   | Reached skill level 1 in Summonings
 15329 | Lair:4   | Noticed an eight-headed hydra
 15334 | Lair:4   | Killed an eight-headed hydra
 16372 | Lair:4   | Received a gift from Okawaru
 16388 | Lair:4   | Got a pair of translucent gloves {god gift}
 16621 | Lair:4   | Identified the +2 pair of gloves of Eternal Vigilance {+Fly
                  | rN+ Regen+} (Okawaru gifted it to you on level 4 of the
                  | Lair of Beasts)
 16634 | Lair:5   | You fall through a shaft!
 16634 | Lair:6   | Entered Level 6 of the Lair of Beasts
 16930 | Lair:5   | Noticed Sonja
 16938 | Lair:5   | Killed Sonja
 16938 | Lair:5   | Reached skill level 10 in Fighting
 17153 | Lair:5   | Reached skill level 5 in Summonings
 17155 | Lair:5   | Reached ****** piety under Okawaru
 17173 | Lair:5   | Reached skill level 10 in Polearms
 17254 | Lair:5   | Found a staircase to the Slime Pits.
 17296 | Lair:5   | Gained mutation: You are in touch with the powers of death.
                  | [Mummy growth]
 17296 | Lair:5   | Reached XP level 13. HP: 73/103 MP: 15/20
 18043 | Lair:6   | Reached skill level 11 in Polearms
 18060 | Lair:6   | Noticed Snorg
 18073 | Lair:6   | Killed Snorg
 18346 | Lair:6   | Received a gift from Okawaru
 18526 | Lair:6   | Reached skill level 12 in Polearms
 18620 | Lair:6   | Received a gift from Okawaru
 18711 | Lair:6   | Received a gift from Okawaru
 18813 | Lair:6   | Noticed a fire dragon
 18830 | Lair:6   | Killed a fire dragon
 19162 | Lair:6   | HP: 3/103 [wolf spider (16)]
 19318 | Lair:6   | Learned a level 4 spell: Animate Dead
 19813 | Lair:6   | Reached skill level 13 in Polearms
 19831 | Lair:6   | Received a gift from Okawaru
 19831 | Lair:6   | Reached skill level 1 in Necromancy
 19913 | Lair:6   | Learned a level 5 spell: Borgnjor's Vile Clutch
 20072 | Orc:1    | Entered Level 1 of the Orcish Mines
 20396 | Orc:2    | Entered Level 2 of the Orcish Mines
 20597 | Orc:2    | Reached XP level 14. HP: 87/110 MP: 19/21
 20826 | Orc:2    | Received a gift from Okawaru
 21044 | Orc:2    | Found a staircase to the Elven Halls.
 21271 | Orc:2    | Noticed an orc warlord
 21274 | Orc:2    | Noticed Nergalle
 21803 | Orc:1    | Killed Nergalle
 21824 | Orc:2    | Killed an orc warlord
 22004 | Orc:2    | Reached skill level 5 in Necromancy
 22058 | Orc:2    | Found a roughly hewn altar of Beogh.
 22062 | Orc:2    | Found Hos Mugg's Jewellery Emporium.
 22153 | Orc:2    | Found Beangael's Antique Armour Emporium.
 22209 | Orc:2    | Found Fazuv's General Store.
 22225 | Orc:2    | Found Guemior's Antique Weapon Emporium.
 22331 | D:10     | Bought a shimmering chain mail for 266 gold pieces
 22341 | D:10     | Identified the +8 chain mail of Divine Compulsion {rPois
                  | rC- Stlth+} (You bought it in a shop on level 10 of the
                  | Dungeon)
 23166 | D:12     | Noticed Nessos
 23172 | D:12     | Killed Nessos
 23727 | D:12     | Reached skill level 14 in Polearms
 24643 | D:13     | Received a gift from Okawaru
 24804 | D:13     | Found a basalt altar of Yredelemnul.
 24842 | D:13     | Reached skill level 1 in Earth Magic
 24910 | D:13     | Found a transporter.
 24918 | D:13     | Noticed xelsha's ghost (journeyman GrMo)
 25066 | D:13     | Found a transporter.
 25423 | D:14     | Found a frozen archway.
 25565 | IceCv    | Entered an ice cave
 26231 | IceCv    | Got a steaming fustibalus
 26269 | IceCv    | Identified the +6 fustibalus of the Eel {velocity, rElec
                  | Str+2 Stlth-} (You found it in an ice cave)
 26410 | D:14     | Noticed Rupert
 26411 | D:14     | Reached XP level 15. HP: 111/115 MP: 22/22
 26425 | D:14     | HP: 5/115 [Rupert/great sword of holy wrath (24)]
 26427 | D:14     | Slain by Rupert

Skill      XL: |  1  2  3  4  5  6  7  8  9 10 11 12 13 14 |
---------------+-------------------------------------------+-----
Armour         | 1 2 3 4 5 6 |  6.0
Polearms       | 2 3 4 5 7 9 10 13 14 | 14.0
Fighting       | 3 4 5 6 8 10 | 10.0
Charms         | 4 5 |  5.0
Hexes          | 3 5 |  5.0
Spellcasting   | 5 |  5.1
Throwing       | 1 5 6 |  6.1
Dodging        | 4 5 |  5.0
Translocations | 2 3 |  3.0
Summonings     | 5 |  5.0
Necromancy     | 2 8 |  8.0
Earth Magic    | 4 |  4.7

Action                   |  1- 3 |  4- 6 |  7- 9 | 10-12 | 13-15 || total
-------------------------+-------+-------+-------+-------+-------++-------
Melee: Spear             |   120 |   196 |   117 |       |       ||   433
       Trident           |       |       |   196 |   526 |  1241 ||  1963
       Punch             |       |       |     1 |     2 |     4 ||     7
Throw: Stone             |    21 |     7 |     5 |     2 |       ||    35
       Tomahawk          |       |       |    24 |    18 |    21 ||    63
       Javelin           |       |       |       |    30 |    14 ||    44
 Cast: Infusion          |     3 |     4 |    12 |     6 |     4 ||    29
       Spectral Weapon   |       |       |     1 |    12 |    14 ||    27
       Portal Projectile |       |       |       |     2 |       ||     2
       Animate Dead      |       |       |       |       |     1 ||     1
Invok: Heroism           |       |       |    11 |    13 |    20 ||    44
       Finesse           |       |       |       |       |     1 ||     1
Evoke: Wand              |       |       |       |       |     1 ||     1
  Use: Scroll            |       |     6 |    10 |     8 |    11 ||    35
 Stab: Distracted        |       |       |       |     3 |     4 ||     7
       Sleeping          |       |       |       |     6 |     8 ||    14
Armor: Leather armour    |     3 |       |       |       |       ||     3
       Scale mail        |    42 |       |       |    32 |       ||    74
       Ring mail         |     3 |    42 |    70 |   101 |   332 ||   548
Dodge: Dodged            |    47 |    75 |   122 |   199 |   474 ||   917
